 Dungeon Crawl Stone Soup version 0.29.1-13-g9f3cf754e1 (webtiles) character file.

Game seed: 8949806611667202581

284 zeram the Caller (level 6, -1/53 HPs)
             Began as a Troll Summoner on Feb 2, 2023.
             Slain by Sigmund
             ... wielding a +0 scythe
              (3 damage)
             ... on level 3 of the Dungeon.
             The game lasted 00:03:56 (1246 turns).

zeram the Caller (Troll Summoner)                   Turns: 1246, Time: 00:03:57

Health: -1/53      AC:  4    Str: 17      XL:     6   Next: 7%
Magic:  7/7        EV: 10    Int: 12 (13) God:
Gold:   41         SH:  0    Dex: 10      Spells: 6/8 levels left

rFire   . . .      SeeInvis .   (no weapon)
rCold   . . .      Faith    .   (no shield)
rNeg    . . .      Spirit   .   a - +0 robe
rPois   .          Reflect  .   (helmet restricted)
rElec   .          Harm     .   (no cloak)
rCorr   .          Rampage  .   (gloves unavailable)
Will    .....                   (boots unavailable)
Stlth   +.........              (no amulet)
HPRegen 0.97/turn               (no ring)
MPRegen 0.10/turn               (no ring)

@: no status effects
A: large, unfitting armour, claws 3, regeneration 1, shaggy fur 1, tough skin 1
a: no special abilities


You were on level 3 of the Dungeon.
You visited 1 branch of the dungeon, and saw 3 of its levels.

You collected 97 gold pieces.
You spent 56 gold pieces at shops.

Inventory:

Armour
 a - a +0 robe (worn)
Scrolls
 g - 2 scrolls of teleportation
 i - a scroll of fear
 j - a scroll of vulnerability
Potions
 b - a potion of magic
 c - 2 potions of brilliance


   Skills:
 + Level 3.1 Dodging
 - Level 1.0 Stealth
 + Level 1.6 Spellcasting
 + Level 4.7 Summonings


You had 6 spell levels left.
You knew the following spells:

 Your Spells              Type           Power      Damage    Failure   Level
a - Call Imp              Summ           12%        N/A       6%          2

Your spell library contained the following spells:

 Spells                   Type           Power      Damage    Failure   Level
 Summon Small Mammal      Summ           48%        N/A       4%          1
 Call Canine Familiar     Summ           12%        N/A       12%         3
 Summon Guardian Golem    Hex/Summ       6%         N/A       32%         3
 Summon Lightning Spire   Summ/Air       6%         N/A       71%         4


Dungeon Overview and Level Annotations

Branches:
Dungeon (3/15)

Altars:

Shops:
D:2 *

Annotations:
D:3 Sigmund


Innate Abilities, Weirdness & Mutations

You are too large for most types of armour.
You have claws for hands.
Your natural rate of healing is unusually fast.
You are covered in fur. (AC +1)
You have tough skin. (AC +1)


Message History

The bat closely misses you. The bat hits you.
You closely miss the bat. The bat hits you. Something hits you!
The bat completely misses you.
You miss the bat. The bat barely misses you. Something hits you.
You are too injured to fight recklessly!
You are too injured to fight recklessly!
You are too injured to fight recklessly!
You are too injured to fight recklessly!
You are too injured to fight recklessly!
You are too injured to fight recklessly!
You are too injured to fight recklessly!
You are too injured to fight recklessly!
You are too injured to fight recklessly!
You are too injured to fight recklessly!
You are too injured to fight recklessly!
You are too injured to fight recklessly!
You are too injured to fight recklessly!
You are too injured to fight recklessly!
You are too injured to fight recklessly!
You miss the bat. The bat hits you.
You scratch the bat.
You kill the bat!
Something hits you but does no damage.
You feel your intelligence returning.
You closely miss the ball python. The ball python barely misses you.
The ball python bites you. Something hits you.
You barely miss the ball python. The ball python bites you.
You closely miss the ball python. Something hits you.
The ball python barely misses you.
You claw the ball python!
You kill the ball python!
Something hits you!
* * * LOW HITPOINT WARNING * * *
You claw the endoplasm!
You kill the endoplasm!
Something hits you!
* * * LOW HITPOINT WARNING * * *
You see here a ball python corpse.
Something hits you.
You die...

# #.# #. #..# #.# ##
.... #.# # #... #.# #
.###.#..###)### #
.....#....$...##########
........# #.............
.......{###.#.##########
.......@†.......... #
#.......#####.##### #
........# #.# #
........# #.# #
######+.# #.# # #.# #..
#.# #.#


There were no monsters in sight!

Vanquished Creatures
  Grinder (D:3)
  4 adders
  2 dart slugs (D:2)
  8 bats
  5 endoplasms
  4 giant cockroaches
  2 goblins
  A hobgoblin (D:2)
  2 quokkas
  5 ball pythons
  3 frilled lizards
  3 kobolds
  A rat (D:2)
41 creatures vanquished.

Vanquished Creatures (others)
  3 plants (D:1)
3 creatures vanquished.

Grand Total: 44 creatures vanquished

Notes
Turn   | Place    | Note
-------+----------+-------------------------------------------
     0 | D:1      | zeram the Troll Summoner began the quest for the Orb.
     0 | D:1      | Reached XP level 1. HP: 16/16 MP: 1/1
    31 | D:1      | Reached skill level 3 in Summonings
   196 | D:1      | Found a faded altar of an unknown god.
   247 | D:1      | Reached XP level 2. HP: 24/24 MP: 3/3
   700 | D:2      | Found Isawn's Assorted Antiques.
   711 | D:2      | Reached XP level 3. HP: 13/31 MP: 4/4
   714 | D:2      | Learned a level 2 spell: Call Imp
   926 | D:2      | Reached XP level 4. HP: 39/39 MP: 5/5
  1032 | D:2      | Bought a scroll labelled FAREUSHRAAKK for 28 gold pieces
  1032 | D:2      | Bought a scroll labelled LEGRIL BOBBATUR for 28 gold pieces
  1142 | D:3      | Noticed Grinder
  1155 | D:3      | Paralysed by Grinder for 4 turns
  1160 | D:3      | Killed Grinder
  1161 | D:3      | Reached skill level 4 in Summonings
  1161 | D:3      | Reached XP level 5. HP: 45/45 MP: 6/6
  1161 | D:3      | Reached XP level 6. HP: 53/53 MP: 7/7
  1222 | D:3      | Noticed Sigmund
  1245 | D:3      | HP: 1/53 [something (8)]
  1246 | D:3      | Slain by Sigmund

Illustrated notes

Levels and vault maps discovered:
D:1:      wander_arrival_lonely_grave, layout_basic,
          shapermc_ecumenical_altar_mp_urbaneastern
D:2:      layout_rooms, serial_shops, nicolae_shop_waterfront
D:3:      layout_basic, nicolae_ru_great_annihilating_truth,
          kennysheep_generic_room_2, uniq_grinder, uniq_sigmund,
          uniq_crazy_yiuf_cottage

Skill      XL: |  1  2  3  4 |
---------------+-------------+-----
Summonings     | 3 4 |  4.7
Dodging        | 2 3 |  3.1
Stealth        | |  1.0
Spellcasting   | |  1.6

Action                   |  1- 3 |  4- 6 || total
-------------------------+-------+-------++-------
Melee: Unarmed           |   101 |    27 ||   128
       Punch             |     2 |       ||     2
 Cast: Call Imp          |     1 |       ||     1
  Use: Scroll            |     6 |     3 ||     9
       Potion            |       |     6 ||     6
 Stab: Sleeping          |     4 |       ||     4
Armor: Robe              |    52 |     9 ||    61
       Skin              |       |     3 ||     3
Dodge: Dodged            |    57 |    19 ||    76
